MWL (24 & UNDER)
LEE'S SUMMIT TIGERS @ GRIM REAPERS
08/11/2028
 
TOP OF THE 1ST
Lee's Summit Tigers batting - Pitching for Grim Reapers : RHP Sergio Hernández
Pitching: RHP Sergio Hernández
Batting: RHB Stan Taylor 0-0: Swinging Strike
0-1: Ball
1-1: Swinging Strike
1-2: Foul Ball, location: 2F
1-2: Foul Ball, location: 2F
1-2: Strikes out swinging
Batting: LHB Terry Neal 0-0: Called Strike
0-1: SINGLE (Line Drive, 7S)
Batting: RHB Mike Harris 0-0: Called Strike
0-1: Called Strike
0-2: Strikes out swinging
Batting: RHB Héctor Cruz 0-0: Ball
1-0: Fly out, F9 (Flyball, 9)
Top of the 1st over - 0 run(s), 1 hit(s), 0 error(s), 1 left on base; Lee's Summit 0 - Grim 0
BOTTOM OF THE 1ST
Grim Reapers batting - Pitching for Lee's Summit Tigers : RHP António Cruz
Pitching: RHP António Cruz
Batting: RHB Arturo Franco 0-0: Ball
1-0: Ball
2-0: Called Strike
2-1: Fly out, F9 (Flyball, 89S)
Batting: RHB Pedro López 0-0: Swinging Strike
0-1: Ball
1-1: SINGLE (Groundball, 6MD)
Batting: RHB Micheal Banks 0-0: Fly out, F9 (Flyball, 9)
Batting: RHB Roberto Villela 0-0: Called Strike
0-1: Swinging Strike
0-2: Ball
Pedro López steals 2nd base
1-2: Strikes out swinging
Bottom of the 1st over - 0 run(s), 1 hit(s), 0 error(s), 1 left on base; Lee's Summit 0 - Grim 0
TOP OF THE 2ND
Lee's Summit Tigers batting - Pitching for Grim Reapers : RHP Sergio Hernández
Batting: SHB Tony Morrison 0-0: Called Strike
0-1: Ball
1-1: SINGLE (Groundball, 6MD)
Batting: SHB Jeff Hernández 0-0: Called Strike
0-1: Ball
1-1: Ball
2-1: Swinging Strike
2-2: Strikes out swinging
Batting: LHB José Guerrero 0-0: Fly out, F7 (Line Drive, 7D)
Runner from 1st tags up, SAFE at 2nd
Batting: LHB Tristan Sims 0-0: Ball
1-0: Ball
2-0: Foul Ball, location: 2F
2-1: Called Strike
2-2: Ball
3-2: Base on Balls
Batting: RHB Julián Espinoza 0-0: Ball
1-0: Foul Ball, location: 2F
1-1: Called Strike
1-2: Strikes out swinging
Top of the 2nd over - 0 run(s), 1 hit(s), 0 error(s), 2 left on base; Lee's Summit 0 - Grim 0
BOTTOM OF THE 2ND
Grim Reapers batting - Pitching for Lee's Summit Tigers : RHP António Cruz
Batting: RHB Roberto Solís 0-0: Ball
1-0: Called Strike
1-1: Foul Ball, location: 2F
1-2: SINGLE (Line Drive, 8RS)
Batting: RHB Sandro Hernández 0-0: Called Strike
0-1: Ball
1-1: Swinging Strike
1-2: Strikes out swinging
Batting: LHB Jesús Rojas 0-0: 2-RUN HOME RUN (Flyball, 9D), Distance : 414 ft
Batting: RHB Arthur Hopkins 0-0: Called Strike
0-1: Foul Ball, location: 2F
0-2: Ball
1-2: Foul Ball, location: 2F
1-2: Ball
2-2: Foul Ball, location: 2F
2-2: Foul Ball, location: 2F
2-2: Fly out, F4 (Popup, 34D)
Batting: SHB Frank Grant 0-0: Ball
1-0: Called Strike
1-1: Ball
2-1: Fly out, F8 (Flyball, 78S)
Bottom of the 2nd over - 2 run(s), 2 hit(s), 0 error(s), 0 left on base; Lee's Summit 0 - Grim 2
TOP OF THE 3RD
Lee's Summit Tigers batting - Pitching for Grim Reapers : RHP Sergio Hernández
Batting: RHB Stan Taylor 0-0: Swinging Strike
0-1: SOLO HOME RUN (Flyball, 7D), Distance : 420 ft
Batting: LHB Terry Neal 0-0: Fly out, F2 (Popup, 23)
Batting: RHB Mike Harris 0-0: Ball
1-0: Called Strike
1-1: Ball
2-1: Ground out 4-3 (Groundball, 4M)
Batting: RHB Héctor Cruz 0-0: Ball
1-0: Called Strike
1-1: Called Strike
1-2: Strikes out looking
Top of the 3rd over - 1 run(s), 1 hit(s), 0 error(s), 0 left on base; Lee's Summit 1 - Grim 2
BOTTOM OF THE 3RD
Grim Reapers batting - Pitching for Lee's Summit Tigers : RHP António Cruz
Batting: RHB Arturo Franco 0-0: Called Strike
0-1: Bunt missed!
0-2: Foul Ball, location: 2F
0-2: Strikes out looking
Batting: RHB Pedro López 0-0: Called Strike
0-1: Called Strike
0-2: Ball
1-2: Ball
2-2: Foul Ball, location: 2F
2-2: Foul Ball, location: 2F
2-2: Ball
3-2: Ground out 2-3 (Groundball, 2L)
Batting: RHB Micheal Banks 0-0: Called Strike
0-1: Ball
1-1: Called Strike
1-2: Ball
2-2: Strikes out looking
Bottom of the 3rd over - 0 run(s), 0 hit(s), 0 error(s), 0 left on base; Lee's Summit 1 - Grim 2
TOP OF THE 4TH
Lee's Summit Tigers batting - Pitching for Grim Reapers : RHP Sergio Hernández
Batting: SHB Tony Morrison 0-0: Ball
1-0: Swinging Strike
1-1: Foul Ball, location: 2F
1-2: Ground out 3-1 (Groundball, 34S)
Batting: SHB Jeff Hernández 0-0: Swinging Strike
0-1: Swinging Strike
0-2: Ball
1-2: Foul Ball, location: 2F
1-2: Foul Ball, location: 2F
1-2: Foul Ball, location: 2F
1-2: Strikes out swinging
Batting: LHB José Guerrero 0-0: Called Strike
0-1: SOLO HOME RUN (Flyball, 89XD), Distance : 434 ft
Batting: LHB Tristan Sims 0-0: Called Strike
0-1: SINGLE (Groundball, 4MS) (infield hit)
Batting: RHB Julián Espinoza 0-0: SINGLE (Line Drive, 9S)
Tristan Sims to second
Runner from 2nd tries for 3rd, SAFE, throw made to third
Batting: RHB Stan Taylor 0-0: Fly out, F9 (Flyball, 9)
Top of the 4th over - 1 run(s), 3 hit(s), 0 error(s), 2 left on base; Lee's Summit 2 - Grim 2
BOTTOM OF THE 4TH
Grim Reapers batting - Pitching for Lee's Summit Tigers : RHP António Cruz
Batting: RHB Roberto Villela 0-0: Ball
1-0: Called Strike
1-1: Swinging Strike
1-2: Ground out 3-1 (Groundball, 34)
Batting: RHB Roberto Solís 0-0: Ball
1-0: Foul Ball, location: 2F
1-1: Single, Error in OF, E7, batter to second base
Batting: RHB Sandro Hernández 0-0: Called Strike
0-1: Ball
1-1: Ball
2-1: Ball
3-1: Ground out 4-3 (Groundball, 4)
Roberto Solís to third
Batting: LHB Jesús Rojas 0-0: Foul Ball, location: 2F
0-1: Swinging Strike
0-2: Strikes out swinging
Bottom of the 4th over - 0 run(s), 1 hit(s), 1 error(s), 1 left on base; Lee's Summit 2 - Grim 2
TOP OF THE 5TH
Lee's Summit Tigers batting - Pitching for Grim Reapers : RHP Sergio Hernández
Batting: LHB Terry Neal 0-0: Called Strike
0-1: Swinging Strike
0-2: Strikes out swinging
Batting: RHB Mike Harris 0-0: Ball
1-0: Ground out 1-3 (Groundball, 15S)
Batting: RHB Héctor Cruz 0-0: SOLO HOME RUN (Flyball, 9D), Distance : 415 ft
Batting: SHB Tony Morrison 0-0: Ball
1-0: Ball
2-0: Swinging Strike
2-1: Foul Ball, location: 2F
2-2: Strikes out swinging
Top of the 5th over - 1 run(s), 1 hit(s), 0 error(s), 0 left on base; Lee's Summit 3 - Grim 2
BOTTOM OF THE 5TH
Grim Reapers batting - Pitching for Lee's Summit Tigers : RHP António Cruz
Batting: RHB Arthur Hopkins 0-0: Ball
1-0: Called Strike
1-1: Foul Ball, location: 2F
1-2: Ball
2-2: Strikes out looking
Batting: SHB Frank Grant 0-0: Ball
1-0: Called Strike
1-1: SINGLE (Line Drive, 4D)
Batting: RHB Arturo Franco 0-0: Fly out, F7 (Flyball, 7LSF)
Batting: RHB Pedro López 0-0: Ball
1-0: Foul Ball, location: 2F
1-1: Ball
2-1: Fly out, F4 (Popup, 34D)
Bottom of the 5th over - 0 run(s), 1 hit(s), 0 error(s), 1 left on base; Lee's Summit 3 - Grim 2
TOP OF THE 6TH
Lee's Summit Tigers batting - Pitching for Grim Reapers : RHP Sergio Hernández
Batting: SHB Jeff Hernández 0-0: Called Strike
0-1: Ball
1-1: Fly out, F4 (Popup, 34D)
Batting: LHB José Guerrero 0-0: Swinging Strike
0-1: Ball
1-1: Swinging Strike
1-2: Foul Ball, location: 2F
1-2: Ball
2-2: Ball
3-2: Base on Balls
Batting: LHB Tristan Sims 0-0: Called Strike
José Guerrero steals 2nd base
0-1: Called Strike
0-2: Ball
1-2: Ball
2-2: Strikes out looking
Pitching: RHP Jeremiah Moran
Batting: RHB Julián Espinoza 0-0: Ball
1-0: Reached on error, E6 (Groundball, 6)
José Guerrero to third
Batting: RHB Stan Taylor 0-0: Ball
1-0: Ball
2-0: Called Strike
2-1: Foul Ball, location: 2F
2-2: Strikes out swinging
Top of the 6th over - 0 run(s), 0 hit(s), 1 error(s), 2 left on base; Lee's Summit 3 - Grim 2
BOTTOM OF THE 6TH
Grim Reapers batting - Pitching for Lee's Summit Tigers : RHP António Cruz
Batting: RHB Micheal Banks 0-0: Ball
1-0: Foul Ball, location: 2F
1-1: Foul Ball, location: 2F
1-2: Strikes out swinging
Batting: RHB Roberto Villela 0-0: Ball
1-0: Ground out 6-3 (Groundball, 6)
Batting: RHB Roberto Solís 0-0: Ball
1-0: Foul Ball, location: 2F
1-1: Swinging Strike
1-2: Strikes out swinging
Bottom of the 6th over - 0 run(s), 0 hit(s), 0 error(s), 0 left on base; Lee's Summit 3 - Grim 2
TOP OF THE 7TH
Lee's Summit Tigers batting - Pitching for Grim Reapers : RHP Jeremiah Moran
Batting: LHB Terry Neal 0-0: Foul Ball, location: 2F
0-1: Swinging Strike
0-2: Strikes out swinging
Batting: RHB Mike Harris 0-0: Called Strike
0-1: Fly out, F8 (Flyball, 8RS)
Batting: RHB Héctor Cruz 0-0: Called Strike
0-1: Ball
1-1: Ball
2-1: SINGLE (Groundball, 3D)
Batting: SHB Tony Morrison 0-0: Swinging Strike
0-1: Swinging Strike
0-2: Fielders Choice at 2nd, 4-6 (Groundball, 4)
Top of the 7th over - 0 run(s), 1 hit(s), 0 error(s), 0 left on base; Lee's Summit 3 - Grim 2
BOTTOM OF THE 7TH
Grim Reapers batting - Pitching for Lee's Summit Tigers : RHP António Cruz
Pitching: RHP Kirby Graham
Batting: RHB Sandro Hernández 0-0: Swinging Strike
0-1: Ball
1-1: Ball
2-1: Ball
3-1: Foul Ball, location: 2F
3-2: Base on Balls
Batting: LHB Jesús Rojas 0-0: Called Strike
0-1: Sac Bunt - play at first, batter OUT! 1-3
Sandro Hernández to second
Pinch Hitting: LHB Carlos De La Rosa 0-0: Foul Ball, location: 2F
0-1: Swinging Strike
0-2: Fly out, F7 (Flyball, 78S)
Pinch Hitting: RHB John Jones 0-0: SINGLE (Line Drive, 56D)
Sandro Hernández to third
Runner from 3rd tries for Home, SAFE, no throw
Pinch Hitting: LHB Marcos Fontanez 0-0: Called Strike
0-1: Swinging Strike
0-2: Strikes out looking
Bottom of the 7th over - 1 run(s), 1 hit(s), 0 error(s), 1 left on base; Lee's Summit 3 - Grim 3
TOP OF THE 8TH
Lee's Summit Tigers batting - Pitching for Grim Reapers : RHP Jeremiah Moran
Now at 2B: John Jones
Now at 3B: Carlos De La Rosa
Now at SS: Juan Ortega
Batting: SHB Jeff Hernández 0-0: SINGLE (Line Drive, 9S)
Batting: LHB José Guerrero 0-0: Bunted foul
0-1: Bunt - Flyout! F1
Batting: LHB Tristan Sims 0-0: Fly out, F3 (Popup, 3L)
Batting: RHB Julián Espinoza 0-0: Swinging Strike
0-1: Foul Ball, location: 2F
0-2: Foul Ball, location: 2F
0-2: Ball
1-2: Strikes out swinging
Top of the 8th over - 0 run(s), 1 hit(s), 0 error(s), 1 left on base; Lee's Summit 3 - Grim 3
BOTTOM OF THE 8TH
Grim Reapers batting - Pitching for Lee's Summit Tigers : RHP Kirby Graham
Pinch Hitting: RHB Taylor Justice 0-0: Called Strike
0-1: Ball
1-1: Ball
2-1: Fly out, F7 (Flyball, 7LD)
Batting: RHB Micheal Banks 0-0: Ball
1-0: Ball
2-0: Foul Ball, location: 2F
2-1: Fly out, F8 (Line Drive, 8LM)
Pinch Hitting: RHB Jeremiah Ward 0-0: Ground out 4-3 (Groundball, 4)
Bottom of the 8th over - 0 run(s), 0 hit(s), 0 error(s), 0 left on base; Lee's Summit 3 - Grim 3
TOP OF THE 9TH
Lee's Summit Tigers batting - Pitching for Grim Reapers : RHP Jeremiah Moran
Pitching: RHP António Castaneda
Now in CF: Jeremiah Ward
Now in RF: Sean Moody
Batting: RHB Stan Taylor 0-0: Ball
1-0: Ball
2-0: Called Strike
2-1: Ball
3-1: Foul Ball, location: 2F
3-2: Strikes out swinging
Batting: LHB Terry Neal 0-0: Ball
1-0: Ball
2-0: Called Strike
2-1: Called Strike
2-2: Strikes out looking
Batting: RHB Mike Harris 0-0: Ball
1-0: Called Strike
1-1: Ball
2-1: Ball
3-1: SINGLE (Groundball, 5D)
Pinch Hitting: RHB Steve Johnson 0-0: Fly out, F9 (Flyball, 9LS)
Top of the 9th over - 0 run(s), 1 hit(s), 0 error(s), 1 left on base; Lee's Summit 3 - Grim 3
BOTTOM OF THE 9TH
Grim Reapers batting - Pitching for Lee's Summit Tigers : RHP Kirby Graham
Now in CF: Rodrigo Díaz
Batting: RHB Roberto Solís 0-0: Called Strike
0-1: Foul Ball, location: 2F
0-2: Ball
1-2: Strikes out looking
Batting: RHB Sandro Hernández 0-0: Ball
1-0: Ball
2-0: Ball
3-0: Called Strike
3-1: SINGLE (Line Drive, 9LS)
Batting: LHB Jesús Rojas 0-0: SINGLE (Line Drive, 6D)
Sandro Hernández to second
Batting: LHB Carlos De La Rosa 0-0: Called Strike
0-1: Foul Ball, location: 2F
0-2: Ball
1-2: Strikes out swinging
Batting: RHB John Jones 0-0: 3-RUN HOME RUN (Flyball, 78XD), Distance : 423 ft
Tuesday, August 8th, 2017 - OOTP Baseball 17.12 Build 75